 Dungeon Crawl Stone Soup version 0.29-a0-819-g94b489e0ae (webtiles) character file.

Game seed: 546951191975409913

61554 ders the Eclecticist (level 15, -12/87 HPs)
             Began as a Djinni Conjurer on July 6, 2022.
             Was an Elder of Ashenzari.
             Engulfed by a cloud of freezing vapour (14 damage)
             ... on level 10 of the Dungeon.
             The game lasted 00:35:49 (26885 turns).

ders the Eclecticist (Djinni Conjurer)             Turns: 26885, Time: 00:35:49

Health: -12/87     AC:  4    Str:  6    XL:     15   Next: 42%
Gold:   1020       EV: 13    Int: 31    God:    Ashenzari [****..] SH:  3 Dex: 14

rFire   + + .      SeeInvis +   I - staff of conjuration (curse) {Self, Range}
rCold   . . .      Faith    .   B - +0 buckler of Ashenzari's Irritation {Self, Melee} (curse)
rNeg    . . .      Spirit   .   a - +0 robe of Ashenzari's Urgency {Range, Self} (curse)
rPois   ∞          Reflect  .   v - +0 helmet "Gaze Upon Infinity" {Cun, Self} (curse)
rElec   .          Harm     .   F - +0 cloak of Apeoromancy {Fort, Self} (curse)
rCorr   .          Rampage  .   (no gloves)
Will    +....      Clarity  +   (boots unavailable)
Stlth   ++........              (no amulet)
HPRegen 0.24/turn               u - +6 ring of intelligence
MPRegen 0.00/turn               o - ring of Ashenzari's Chagrin {rC+, Cun, Self} (curse)

@: flying
A: sickness immunity, fire resistance 2, cold vulnerability 1, float, innate
caster, HP casting, extra vitality 1
a: Renounce Religion, Shatter the Chains


You were on level 10 of the Dungeon.
You worshipped Ashenzari.
Ashenzari was greatly pleased with you.
You visited 3 branches of the dungeon, and saw 17 of its levels.

You collected 1020 gold pieces.

Inventory:

Hand Weapons
 H - the +7 hand axe of Haickol {vorpal, Fly rC+ Str+3}
   (You found it on level 5 of the Lair of Beasts)

   It inflicts extra damage upon your enemies.
   Str:       It affects your strength (+3).
   rC:        It protects you from cold.
   Fly:       It grants you flight.
Missiles
 t - 6 throwing nets
Armour
 a - the cursed +0 robe of Ashenzari's Urgency (worn) {Range, Self}

   It has a curse which improves the following skills: Ranged Combat: Ranged
   Weapons and Throwing.
   Introspection: Fighting and Spellcasting.
 v - the cursed +0 helmet "Gaze Upon Infinity" (worn) {Cun, Self}
   (You found it on level 5 of the Dungeon)

   It has a curse which improves the following skills: Cunning: Dodging and
   Stealth.
   Introspection: Fighting and Spellcasting.
 B - the cursed +0 buckler of Ashenzari's Irritation (worn) {Self, Melee}
   (You found it on level 7 of the Dungeon)

   It has a curse which improves the following skills: Introspection: Fighting
   and Spellcasting.
   Melee Combat: Short Blades, Long Blades, Axes, Maces & Flails, Polearms,
   Staves and Unarmed Combat.
 F - the cursed +0 cloak of Apeoromancy (worn) {Fort, Self}
   (You found it on level 5 of the Lair of Beasts)

   It has a curse which improves the following skills: Fortitude: Armour and
   Shields.
   Introspection: Fighting and Spellcasting.
Magical Staves
 I - a cursed staff of conjuration (weapon) {Self, Range}
Jewellery
 o - the cursed ring of Ashenzari's Chagrin (right hand) {rC+, Cun, Self}
   (You found it on level 1 of the Dungeon)

   [ring of protection from cold]

   rC:        It protects you from cold.
   It has a curse which improves the following skills: Cunning: Dodging and
   Stealth.
   Introspection: Fighting and Spellcasting.
 u - a +6 ring of intelligence (left hand)
Wands
 p - a wand of polymorph (13)
 q - a wand of flame (57)
 z - a wand of roots (13)
 G - a wand of digging (4)
 K - a wand of quicksilver (4)
Scrolls
 f - a scroll of fear
 h - 2 scrolls of summoning
 i - 3 scrolls of vulnerability
 j - 23 scrolls of identify
 k - 3 scrolls of magic mapping
 m - 5 scrolls of teleportation
 n - 4 scrolls of blinking
 y - 2 scrolls of enchant weapon
 A - 5 scrolls of fog
 C - 3 scrolls of poison
 E - 3 scrolls of silence
Potions
 b - 9 potions of curing
 c - 3 potions of attraction
 d - a potion of lignification
 e - 5 potions of haste
 l - 2 potions of degeneration
 r - 4 potions of brilliance
 s - a potion of resistance
 w - a potion of invisibility
 x - 3 potions of cancellation
 D - a potion of might
 L - a potion of heal wounds
Miscellaneous
 J - a condenser vane


   Skills:
 - Level 2.1(4.4) Dodging
 - Level 1.5(3.5) Stealth
 + Level 19.9(25.9) Spellcasting


You had 26 spell levels left.
You knew the following spells:

 Your Spells              Type           Power      Damage    Failure   Level
a - Magic Dart            Conj           100%       1d8       0%          1
b - Searing Ray           Conj           100%       2d8       0%          2
c - Dazzling Flash        Conj/Hex       100%       N/A       0%          3
d - Fulminant Prism       Conj/Hex       70%        3d30      0%          4
e - Iskenderun's Mystic   Conj/Tloc      100%       2d19      0%          4
f - Summon Small Mammal   Summ           100%       N/A       0%          1
g - Passwall              Tmut/Erth      96%        N/A       0%          2
h - Tukima's Dance        Hex            100%       N/A       0%          3
i - Confusing Touch       Hex            100%       N/A       0%          3
j - Irradiate             Conj/Tmut      70%        3d36      0%          5
k - Agony                 Necr           100%       N/A       0%          5
l - Simulacrum            Ice/Necr       58%        N/A       0%          6
Your spell library was empty.

Dungeon Overview and Level Annotations

Branches:
Dungeon (10/15)            Temple (1/1) D:4            Lair (6/6) D:8
 Shoals (0/4) Lair:4       Spider (0/4) Lair:3        Slime (0/5) Lair:6
    Orc (0/2) D:9

Altars:
Ashenzari
Cheibriados
Dithmenos
Elyvilon
Fedhas
Gozag
Hepliaklqana
Makhleb
Nemelex Xobeh
Okawaru
Qazlal
Ru
Trog
Uskayaw
Wu Jian
Xom
Yredelemnul
Zin
The Shining One
Jiyva

Annotations:
D:10 exclusion: orange crystal statue


Innate Abilities, Weirdness & Mutations

You are immune to sickness and miasma.
You are immune to poison.
Your flesh is very heat resistant. (rF++)
You are vulnerable to cold. (rC-)
You float through the air rather than walking.
You learn spells naturally, not from books.
Your magical power is your life essence.
You have superior vitality. (+4 MHP)


Message History

The ice statue gestures.
Casting: Iskenderun's Mystic Blast (safe; 0% risk of failure)
Confirm with . or Enter, or press ? or * to list all spells.
Aiming: Fulminant Prism (safe; 0% risk of failure)
Press: ? - help, Dir - move target You feel a surge of power!
You conjure a prism of explosive energy!
A fulminant prism comes into view.
The ice statue gestures at you.
Your fulminant prism crackles loudly.
The ice beast hits your fulminant prism but does no damage.
You are engulfed in freezing vapours.
The orange crystal statue glitters.
You feel momentarily confused.
Your fulminant prism explodes!
The blast of energy engulfs the ice beast!!!
You kill the ice beast!
The ice beast disappears in a puff of smoke!
The blast of energy engulfs the orange crystal statue!!!
The orange crystal statue is severely damaged.
The blast of energy engulfs the ice statue!!!
You destroy the ice statue!
Casting: Fulminant Prism (safe; 0% risk of failure)
Confirm with . or Enter, or press ? or * to list all spells.
Aiming: Fulminant Prism (safe; 0% risk of failure)
Press: ? - help, Dir - move target You feel a surge of power!
You conjure a prism of explosive energy!
A fulminant prism comes into view.
You are engulfed in freezing vapours.
* * * LOW HITPOINT WARNING * * *
The orange crystal statue glitters topaz in the dim dungeon light.
The orange crystal statue glitters.
You feel momentarily confused.
You are engulfed in freezing vapours.
* * * LOW HITPOINT WARNING * * *
The orange crystal statue fixes its piercing gaze on you.
Your fulminant prism crackles loudly.
You are engulfed in freezing vapours.
You die...

..........#....?##......#...#####
#.#########...#.##...#..)........
#.............#.###.....#...#####
##########........<...#.##.#### #
#####################.#.#.....# #
###* ####.....####.###
#8..#######.##.....#.###
#§.*.○○○....######.#.###
#§[..○○@○.8.## #.#.###
#....☼○○....# #.#.###
#...######### #.#)### ###**
#########.#.#..
#############.#.#.#
#...............#.# *
###...#######.###.# *
###.....#######.....#
,.....>.|..#####..####


You could see an orange crystal statue (ally target) and a friendly fulminant
prism.

Vanquished Creatures
  Rupert (Lair:3)
  5 dire elephants (Lair:6)
  2 boulder beetles
  6 hydras
  9 death yaks
  Urug (Lair:6)
  A spectral dire elephant (Lair:6)
  2 spectral death yaks (Lair:6)
  A spectral anaconda (Lair:6)
  An obsidian statue (Lair:6)
  Pikel (D:4)
  4 necromancers
  4 black mambas
  16 elephants
  An ice statue (D:10)
  A torpor snail (Lair:2)
  18 cane toads
  A dire elephant skeleton (Lair:6)
  A kobold demonologist (D:10)
  10 komodo dragons
  A rime drake (Lair:5)
  2 merfolk (Lair:4)
  7 blink frogs
  2 polar bears
  A dancing weapon (D:8)
  A wyvern (Lair:3)
  3 culicivoras (Lair:3)
  A wraith (D:10)
  89 yaks
  6 basilisks
  2 fire bats (Lair:6)
  A steam dragon (D:9)
  A death yak simulacrum (Lair:6)
  3 spectral cane toads (Lair:6)
  14 water moccasins
  5 orc warriors
  2 ice beasts
  A sky beast (D:6)
  An elephant zombie (Lair:6)
  3 black bears
  21 wolves
  An elephant skeleton (Lair:6)
  3 phantoms
  4 lemures (D:4)
  A kobold brigand (D:10)
  14 bullfrogs
  A gnoll sergeant (D:8)
  A necrophage (D:5)
  4 scorpions
  3 cane toad simulacra (Lair:6)
  3 wights (D:9)
  5 killer bees (D:7)
  2 howler monkeys (D:5)
  4 jellies (Lair:6)
  A hound (D:7)
  6 orc priests
  A gnoll bouda (D:9)
  An iguana (D:6)
  12 orc wizards
  Natasha (thrice) (D:3)
  7 hell rats
  A yak simulacrum (Lair:2)
  5 wolf simulacra (Lair:2)
  4 polar bear simulacra (Lair:2)
  11 gnolls
  9 adders
  2 white imps
  An ufetubus (D:5)
  A worm (D:4)
  2 dart slugs
  35 orcs
  6 ball pythons
  7 endoplasms
  6 giant cockroaches
  8 goblins
  4 hobgoblins
  8 jackals
  4 quokkas
  10 bats
  6 frilled lizards
  9 kobolds
  3 rats
  A river rat simulacrum (Lair:2)
473 creatures vanquished.

Vanquished Creatures (collateral kills)
  Grum (D:8)
  A centaur (D:7)
  7 wights
9 creatures vanquished.

Vanquished Creatures (others)
  250 fulminant prisms
  41 fungi
  99 plants
  27 withered plants (Lair:6)
417 creatures vanquished.

Grand Total: 899 creatures vanquished

Notes
Turn   | Place    | Note
-------+----------+-------------------------------------------
     0 | D:1      | ders the Djinni Conjurer began the quest for the Orb.
     0 | D:1      | ders set off with the following spells memorised: Magic
                  | Dart, Searing Ray, Dazzling Flash, Fulminant Prism,
                  | Iskenderun's Mystic Blast.
     0 | D:1      | Reached XP level 1. HP: 15/15 MP: 0/0
   166 | D:1      | Reached XP level 2. HP: 17/21 MP: 0/0
   244 | D:1      | You are sucked into a shaft and drop 1 floor!
   244 | D:2      | Found a faded altar of an unknown god.
   405 | D:2      | Reached XP level 3. HP: 21/25 MP: 0/0
   405 | D:2      | Learned a level 1 spell: Summon Small Mammal
   549 | D:2      | Reached skill level 4 in Spellcasting
   847 | D:2      | Reached XP level 4. HP: 10/31 MP: 0/0
  1650 | D:2      | Found an opulent altar of Gozag.
  2007 | D:1      | Reached XP level 5. HP: 34/35 MP: 0/0
  2007 | D:1      | Learned a level 2 spell: Passwall
  2557 | D:3      | Found an ornate altar of the Wu Jian Council.
  2789 | D:3      | Noticed Natasha
  2793 | D:3      | Killed Natasha
  2794 | D:3      | Reached skill level 5 in Spellcasting
  3151 | D:3      | Noticed Natasha
  3160 | D:3      | Killed Natasha
  3579 | D:3      | Noticed Natasha
  3582 | D:3      | Killed Natasha
  3583 | D:3      | Reached XP level 6. HP: 37/40 MP: 0/0
  3912 | D:4      | Found a staircase to the Ecumenical Temple.
  3926 | Temple   | Entered the Ecumenical Temple
  4140 | Temple   | Became a worshipper of Ashenzari the Shackled
  4204 | D:4      | Noticed Pikel
  4212 | D:4      | Killed Pikel
  4213 | D:4      | Reached skill level 7 in Spellcasting
  4213 | D:4      | Reached XP level 7. HP: 33/45 MP: 0/0
  4213 | D:4      | Learned a level 3 spell: Tukima's Dance
  4673 | D:4      | Found a hazy altar of Hepliaklqana.
  4711 | D:4      | Reached XP level 8. HP: 45/50 MP: 0/0
  4842 | D:4      | Found a glowing silver altar of Zin.
  4984 | D:5      | Entered Level 5 of the Dungeon
  5488 | D:5      | Reached skill level 8 in Spellcasting
  6259 | D:6      | Reached XP level 9. HP: 44/55 MP: 0/0
  6259 | D:6      | Learned a level 3 spell: Confusing Touch
  6263 | D:6      | Reached * piety under Ashenzari
  6602 | D:6      | Reached skill level 9 in Spellcasting
  7674 | D:7      | Reached skill level 10 in Spellcasting
  8174 | D:7      | Reached ** piety under Ashenzari
  8717 | D:7      | Reached XP level 10. HP: 53/60 MP: 0/0
  8756 | D:8      | Noticed Grum
  8766 | D:8      | Killed Grum
  8767 | D:8      | Reached skill level 11 in Spellcasting
  9839 | D:8      | Noticed a komodo dragon
  9849 | D:8      | Killed a komodo dragon
  9981 | D:8      | Found a staircase to the Lair.
 10152 | Lair:1   | Entered Level 1 of the Lair of Beasts
 10195 | Lair:1   | Reached *** piety under Ashenzari
 10252 | Lair:1   | Noticed a cane toad
 10263 | Lair:1   | Killed a cane toad
 10402 | Lair:1   | Noticed a komodo dragon
 10414 | Lair:1   | Killed a komodo dragon
 10415 | Lair:1   | Reached skill level 12 in Spellcasting
 10684 | Lair:1   | Reached XP level 11. HP: 48/66 MP: 0/0
 10684 | Lair:1   | Learned a level 5 spell: Irradiate
 11470 | Lair:2   | Reached skill level 13 in Spellcasting
 11705 | Lair:2   | Noticed a boulder beetle
 12149 | Lair:2   | Reached skill level 14 in Spellcasting
 12162 | Lair:2   | Noticed a four-headed hydra
 12451 | Lair:2   | Reached XP level 12. HP: 58/71 MP: 0/0
 13201 | Lair:2   | Killed a boulder beetle
 13202 | Lair:2   | Reached skill level 15 in Spellcasting
 13214 | Lair:2   | Killed a four-headed hydra
 13346 | Lair:2   | Identified the +2 scale mail "Delacuq" {Harm rElec rN+
                  | rCorr Int-2}
 13803 | Lair:3   | Noticed Rupert
 13817 | Lair:3   | Paralysed by Rupert for 3 turns
 13818 | Lair:3   | HP: 1/71 [spore (28)]
 13824 | Lair:3   | Killed Rupert
 14778 | Lair:3   | Found a hole to the Spider Nest.
 15185 | Lair:3   | HP: 2/71 [culicivora (15)]
 15188 | Lair:3   | Reached XP level 13. HP: 9/76 MP: 0/0
 15188 | Lair:3   | Learned a level 5 spell: Agony
 15604 | Lair:3   | Noticed a four-headed hydra
 15614 | Lair:3   | Killed a four-headed hydra
 15615 | Lair:3   | Reached skill level 16 in Spellcasting
 16732 | Lair:4   | Found a staircase to the Shoals.
 17632 | Lair:5   | Reached skill level 17 in Spellcasting
 18068 | Lair:5   | Noticed a boulder beetle
 18085 | Lair:5   | Killed a boulder beetle
 18341 | Lair:5   | Noticed a four-headed hydra
 18347 | Lair:5   | Killed a four-headed hydra
 18621 | Lair:5   | Reached XP level 14. HP: 31/81 MP: 0/0
 19402 | Lair:5   | Identified the +7 hand axe of Haickol {vorpal, Fly rC+
                  | Str+3}
 20114 | Lair:6   | Entered Level 6 of the Lair of Beasts
 20117 | Lair:6   | Reached skill level 18 in Spellcasting
 20127 | Lair:6   | Noticed Urug
 20484 | Lair:6   | Killed Urug
 21711 | Lair:6   | Found a viscous altar of Jiyva.
 21712 | Lair:6   | Found a staircase to the Slime Pits.
 21943 | Lair:6   | Noticed a dire elephant
 21965 | Lair:6   | Reached skill level 19 in Spellcasting
 21973 | Lair:6   | Killed a dire elephant
 22009 | Lair:6   | Noticed a dire elephant
 22018 | Lair:6   | Killed a dire elephant
 22820 | Lair:6   | Noticed a dire elephant
 22822 | Lair:6   | Noticed a dire elephant
 22855 | Lair:6   | Noticed a dire elephant
 23061 | Lair:6   | Reached XP level 15. HP: 67/85 MP: 0/0
 23061 | Lair:6   | Learned a level 6 spell: Simulacrum
 23698 | Lair:6   | Identified Kikubaaqudgh's Textbook on Profane Rites
 24895 | D:9      | Reached **** piety under Ashenzari
 25707 | D:9      | Found a staircase to the Orcish Mines.
 25990 | D:10     | Entered Level 10 of the Dungeon
 26337 | D:10     | Found a blossoming altar of Fedhas.
 26417 | D:10     | Reached ***** piety under Ashenzari
 26884 | D:10     | HP: 2/87 [something (23)]
 26885 | D:10     | Engulfed by a cloud of freezing vapour

Illustrated notes

Levels and vault maps discovered:
D:1:      roderic_octagonal_star, layout_loops_cross
D:2:      minmay_diamond_boxcup, layout_basic, basic_ecumenical_altar,
          basic_altar, chequers_serial_rivers_micro_e, minmay_misc_feat_alley
D:3:      wander_river, layout_basic, lemuel_tele_altar, minmay_misc_feat_chi,
          uniq_natasha
D:4:      layout_gridville, mainiacjoe_overflow_catwalk_spiral,
          minmay_temple_entry_glassed_door, uniq_pikel
D:5:      layout_loops_ring, minmay_misc_feat_square
D:6:      layout_cave_pods, lightli_orcish_oven
D:7:      layout_basic
D:8:      layout_basic, david_lair_shrubbed, uniq_grum
D:9:      layout_roguey, david_orc_4, minivault_5
D:10:     layout_loops_ring, grunt_temple_overflow_growth_and_decay, david_greed
Temple:   bh_familiar_temple
Lair:1:   layout_cave_pods, serial_bayou_shore_b
Lair:2:   statuecave_lemuel, layout_regular_city, eino_house_with_fridge
Lair:3:   layout_regular_city, hellmonk_spider_entry_life_and_decay, uniq_rupert
Lair:4:   layout_small_grid, elwin_shoals_entry_rooms, beast_lair_carwin_8
Lair:5:   layout_cave_pods
Lair:6:   due_jungle_book, layout_gridlike, minmay_slime_entry_pillars,
          uniq_urug

Skill      XL: |  1  2  3  4  5  6  7  8  9 10 11 12 13 14 |
---------------+-------------------------------------------+-----
Spellcasting   | 4 5 7 8 10 12 14 15 17 19 | 19.9
Dodging        | |  2.1
Stealth        | |  1.5

Action                   |  1- 3 |  4- 6 |  7- 9 | 10-12 | 13-15 || total
-------------------------+-------+-------+-------+-------+-------++-------
Melee: Unarmed           |       |       |       |       |     1 ||     1
 Cast: Magic Dart        |    38 |    61 |   161 |    97 |    67 ||   424
       Searing Ray       |     4 |    28 |    36 |    38 |    48 ||   154
       Iskenderun's Myst |       |     1 |     5 |    44 |    92 ||   142
       Fulminant Prism   |       |     4 |    16 |    65 |   166 ||   251
       Tukima's Dance    |       |       |     2 |     7 |     3 ||    12
       Irradiate         |       |       |       |     1 |       ||     1
Invok: Curse Item        |       |       |     3 |     2 |     2 ||     7
       Shatter the Chain |       |       |       |       |     1 ||     1
Evoke: Wand              |       |       |       |       |     4 ||     4
  Use: Potion            |       |     2 |       |     3 |       ||     5
       Scroll            |       |       |       |       |     2 ||     2
Armor: Robe              |     1 |    11 |    18 |    10 |    15 ||    55
Dodge: Dodged            |     2 |    26 |    15 |    34 |    44 ||   121
Block: Buckler           |       |       |     1 |     7 |    12 ||    20

Table legend: (Time is in decaauts)
 A = Elapsed time spent in this place.
 B = Non-inter-level travel time spent in this place.
 C = Inter-level travel time spent in this place.
 D = Time resting spent in this place.
 E = Time spent auto-exploring this place.
 F = Levels seen in this place.
 G = Mean time per level.
                   A        B        C        D        E       F      G
               +--------+--------+--------+--------+--------+-----+--------+
         Total |  26899 |  25700 |   1199 |   7886 |  15342 |  17 | 1582.3 |
       Dungeon |  12358 |  11878 |    480 |   1495 |   9277 |  10 | 1235.8 |
        Temple |    231 |    159 |     72 |      0 |    152 |   1 |  231.0 |
          Lair |  14309 |  13662 |    647 |   6391 |   5913 |   6 | 2384.8 |
               +--------+--------+--------+--------+--------+-----+--------+

Top non-repeatable levels by time:
  Lair:6: 3717 daAuts
  Lair:5: 2970 daAuts
  Lair:3: 2241 daAuts
  Lair:1: 1804 daAuts
  Lair:4: 1797 daAuts
  Lair:2: 1778 daAuts
     D:2: 1591 daAuts
     D:6: 1435 daAuts
     D:9: 1390 daAuts
     D:7: 1324 daAuts
     D:8: 1312 daAuts
     D:5: 1249 daAuts
     D:3: 1234 daAuts
     D:4: 974 daAuts
     D:1: 950 daAuts
